NCAA
NORTH CAROLINA STATE WOLFPACK @ CINCINNATI BEARCATS
04/04/2027
 
TOP OF THE 1ST
North Carolina State Wolfpack batting - Pitching for Cincinnati Bearcats : LHP Howard Collins
Pitching: LHP Howard Collins
Batting: LHB Broderick Dempsey 0-0: Called Strike
0-1: Swinging Strike
0-2: Foul Ball, location: 2F
0-2: Strikes out swinging
Batting: RHB Roberto Landavazo 0-0: Swinging Strike
0-1: Foul Ball, location: 2F
0-2: Ball
1-2: Ball
2-2: Ball
3-2: Base on Balls
Batting: LHB Corey MacGregor 0-0: Ball
1-0: Swinging Strike
1-1: Ball
2-1: Ball
3-1: Base on Balls
Roberto Landavazo to second
Batting: RHB Kyle Watkins 0-0: Foul Ball, location: 2F
0-1: Fly out, F6 (Popup, 56)
Batting: RHB Jonathon García 0-0: Foul Ball, location: 2F
0-1: Ball
1-1: Foul Ball, location: 2F
1-2: Foul Ball, location: 2F
1-2: Ball
2-2: Fielders Choice at 2nd, 5-4 (Groundball, 56)
Top of the 1st over - 0 run(s), 0 hit(s), 0 error(s), 1 left on base; North Carolina State 0 - Cincinnati 0
BOTTOM OF THE 1ST
Cincinnati Bearcats batting - Pitching for North Carolina State Wolfpack : LHP Mark Parker
Pitching: LHP Mark Parker
Batting: RHB Peter Jones 0-0: Ball
1-0: Ground out 5-3 (Groundball, 5S)
Batting: RHB Henry Haines 0-0: Fly out, F9 (Flyball, 9S)
Batting: RHB Dave Richards 0-0: Called Strike
0-1: Ball
1-1: Swinging Strike
1-2: Ball
2-2: Ball
3-2: Foul Ball, location: 2F
3-2: Foul Ball, location: 2F
3-2: Foul Ball, location: 2F
3-2: Foul Ball, location: 2F
3-2: Fly out, F2 (Popup, 23)
Bottom of the 1st over - 0 run(s), 0 hit(s), 0 error(s), 0 left on base; North Carolina State 0 - Cincinnati 0
TOP OF THE 2ND
North Carolina State Wolfpack batting - Pitching for Cincinnati Bearcats : LHP Howard Collins
Batting: RHB Larry Glover 0-0: Ball
1-0: Foul Ball, location: 2F
1-1: Bunted foul
1-2: Foul Ball, location: 2F
1-2: Strikes out looking
Batting: LHB Aaron Atkins 0-0: Called Strike
0-1: Ball
1-1: Foul Ball, location: 2F
1-2: Ball
2-2: Ground out U3 (Groundball, 34)
Batting: LHB Shawn Joyce 0-0: Ball
1-0: Ball
2-0: Foul Ball, location: 2F
2-1: Foul Ball, location: 2F
2-2: Ball
3-2: Base on Balls
Batting: RHB Brian Francis 0-0: Ball
1-0: Foul Ball, location: 2F
1-1: Called Strike
1-2: Foul Ball, location: 2F
1-2: Strikes out swinging
Top of the 2nd over - 0 run(s), 0 hit(s), 0 error(s), 1 left on base; North Carolina State 0 - Cincinnati 0
BOTTOM OF THE 2ND
Cincinnati Bearcats batting - Pitching for North Carolina State Wolfpack : LHP Mark Parker
Batting: SHB Miguel Price 0-0: Ball
1-0: Ball
2-0: Ball
3-0: Called Strike
3-1: Foul Ball, location: 2F
3-2: Foul Ball, location: 2F
3-2: Base on Balls
Batting: RHB Ed Fuhrman 0-0: Called Strike
0-1: Called Strike
0-2: Ball
1-2: Fly out, F8 (Flyball, 89M)
Batting: SHB Pete Potter 0-0: Called Strike
0-1: Foul Ball, location: 2F
0-2: Ball
Wild Pitch!
Miguel Price to second
1-2: Ball
2-2: Ball
3-2: Foul Ball, location: 2F
3-2: Foul Ball, location: 2F
3-2: Fly out, F8 (Flyball, 8RS)
Batting: RHB Dave Sawyer 0-0: Ball
1-0: Swinging Strike
1-1: Called Strike
1-2: Ball
2-2: Ball
3-2: Ground out 5-3 (Groundball, 56)
Bottom of the 2nd over - 0 run(s), 0 hit(s), 0 error(s), 1 left on base; North Carolina State 0 - Cincinnati 0
TOP OF THE 3RD
North Carolina State Wolfpack batting - Pitching for Cincinnati Bearcats : LHP Howard Collins
Batting: LHB Broderick Dempsey 0-0: SINGLE (Line Drive, 89M)
Batting: RHB Roberto Landavazo 0-0: Swinging Strike
0-1: Called Strike
0-2: Foul Ball, location: 2F
0-2: Ball
1-2: Strikes out swinging
Batting: LHB Corey MacGregor 0-0: Ball
1-0: Foul Ball, location: 2F
1-1: Foul Ball, location: 2F
1-2: Ball
2-2: Fielders Choice at 2nd, 6-4 (Groundball, 6)
Batting: RHB Kyle Watkins 0-0: Ball
1-0: Called Strike
1-1: Swinging Strike
Passed Ball!
Corey MacGregor to second
1-2: Ground out 4-3 (Groundball, 4)
Top of the 3rd over - 0 run(s), 1 hit(s), 0 error(s), 1 left on base; North Carolina State 0 - Cincinnati 0
BOTTOM OF THE 3RD
Cincinnati Bearcats batting - Pitching for North Carolina State Wolfpack : LHP Mark Parker
Now at 3B: Jorge García
Batting: RHB Larry O'Sheill 0-0: Ball
1-0: Ball
2-0: Fly out, F8 (Flyball, 8RS)
Batting: SHB Troy Abreu 0-0: Ball
1-0: Ball
2-0: Called Strike
2-1: Ball
3-1: Base on Balls
Batting: RHB Peter Jones 0-0: Ball
1-0: Called Strike
1-1: Ball
2-1: Fly out, F7 (Flyball, 7)
Batting: RHB Henry Haines 0-0: Called Strike
0-1: Foul Ball, location: 2F
Pickoff Throw to First - Out!
Bottom of the 3rd over - 0 run(s), 0 hit(s), 0 error(s), 0 left on base; North Carolina State 0 - Cincinnati 0
TOP OF THE 4TH
North Carolina State Wolfpack batting - Pitching for Cincinnati Bearcats : LHP Howard Collins
Batting: RHB Jonathon García 0-0: Ball
1-0: Ball
2-0: Called Strike
2-1: Ball
3-1: Base on Balls
Batting: RHB Larry Glover 0-0: Ball
1-0: Fly out, F9 (Flyball, 9S)
Batting: LHB Aaron Atkins 0-0: Foul Ball, location: 2F
0-1: Ball
1-1: Ball
2-1: Swinging Strike
2-2: Grounds into double play, 5-4-3 (Groundball, 56)
Top of the 4th over - 0 run(s), 0 hit(s), 0 error(s), 0 left on base; North Carolina State 0 - Cincinnati 0
BOTTOM OF THE 4TH
Cincinnati Bearcats batting - Pitching for North Carolina State Wolfpack : LHP Mark Parker
Batting: RHB Henry Haines 0-0: Ball
1-0: Foul Ball, location: 2F
1-1: Called Strike
1-2: Ball
2-2: Strikes out swinging
Batting: RHB Dave Richards 0-0: Ball
1-0: Ball
2-0: Ball
3-0: Called Strike
3-1: Base on Balls
Batting: SHB Miguel Price 0-0: SINGLE (Line Drive, 7S)
Dave Richards to second
Batting: RHB Ed Fuhrman 0-0: Ball
1-0: Foul Ball, location: 2F
1-1: Foul Ball, location: 2F
1-2: DOUBLE (Line Drive, 78M)
Dave Richards scores
Miguel Price to third
Batting: SHB Pete Potter 0-0: Ball
1-0: Ball
2-0: Fly out, F6 (Popup, 6)
Batting: RHB Dave Sawyer 0-0: Swinging Strike
0-1: Ball
1-1: Foul Ball, location: 2F
1-2: Ball
2-2: Reached on error, E6 (Groundball, 6)
Miguel Price scores
Ed Fuhrman to third
Batting: RHB Larry O'Sheill 0-0: Ball
1-0: Ball
2-0: Foul Ball, location: 2F
2-1: SINGLE (Line Drive, 3D)
Ed Fuhrman scores
Dave Sawyer to second
Batting: SHB Troy Abreu 0-0: Called Strike
0-1: Ball
1-1: Ball
2-1: Ball
3-1: Base on Balls
Dave Sawyer to third
Larry O'Sheill to second
Pitching: RHP Brit Torres
Batting: RHB Peter Jones 0-0: Called Strike
0-1: Ball
1-1: Called Strike
1-2: Ball
2-2: SINGLE (Groundball, 34D)
Dave Sawyer scores
Larry O'Sheill to third
Troy Abreu to second
Runner from 3rd tries for Home, SAFE, no throw
Batting: RHB Henry Haines 0-0: Ball
1-0: SINGLE (Line Drive, 9LS)
Troy Abreu to third
Peter Jones to second
Runner from 3rd tries for Home, SAFE, no throw
Batting: RHB Dave Richards 0-0: Ball
Wild Pitch!
Peter Jones to third
Henry Haines to second
1-0: Fly out, F8 (Line Drive, 8RM)
Bottom of the 4th over - 6 run(s), 5 hit(s), 1 error(s), 2 left on base; North Carolina State 0 - Cincinnati 6
TOP OF THE 5TH
North Carolina State Wolfpack batting - Pitching for Cincinnati Bearcats : LHP Howard Collins
Batting: LHB Shawn Joyce 0-0: Called Strike
0-1: Ball
1-1: Ball
2-1: Swinging Strike
2-2: Foul Ball, location: 2F
2-2: Strikes out swinging
Batting: RHB Jorge García 0-0: Fly out, F8 (Flyball, 8RD)
Batting: LHB Broderick Dempsey 0-0: Ball
1-0: Ball
2-0: Ball
3-0: Called Strike
3-1: Base on Balls
Pitching: LHP Carlos Cortéz
Batting: RHB Roberto Landavazo 0-0: Foul Ball, location: 2F
0-1: Ball
1-1: Ball
2-1: Ball
3-1: Base on Balls
Broderick Dempsey to second
Batting: LHB Corey MacGregor 0-0: Swinging Strike
0-1: Ball
1-1: Fly out, F8 (Line Drive, 8LD)
Top of the 5th over - 0 run(s), 0 hit(s), 0 error(s), 2 left on base; North Carolina State 0 - Cincinnati 6
BOTTOM OF THE 5TH
Cincinnati Bearcats batting - Pitching for North Carolina State Wolfpack : RHP Brit Torres
Batting: SHB Miguel Price 0-0: Ground out 4-3 (Groundball, 4)
Batting: RHB Ed Fuhrman 0-0: Ball
1-0: Ball
2-0: Ball
3-0: Called Strike
3-1: Called Strike
3-2: Foul Ball, location: 2F
3-2: Base on Balls
Batting: SHB Pete Potter 0-0: Called Strike
0-1: Ball
1-1: Called Strike
1-2: Strikes out swinging
Batting: RHB Dave Sawyer 0-0: Called Strike
0-1: Fielders Choice at 2nd, 5-4 (Groundball, 5L)
Bottom of the 5th over - 0 run(s), 0 hit(s), 0 error(s), 0 left on base; North Carolina State 0 - Cincinnati 6
TOP OF THE 6TH
North Carolina State Wolfpack batting - Pitching for Cincinnati Bearcats : LHP Carlos Cortéz
Batting: RHB Kyle Watkins 0-0: Called Strike
0-1: Foul Ball, location: 2F
0-2: Ball
1-2: Ball
2-2: Ball
3-2: Ground out 5-3 (Groundball, 56S)
Batting: RHB Jonathon García 0-0: Foul Ball, location: 2F
0-1: Foul Ball, location: 2F
0-2: Fly out, F6 (Popup, 4MD)
Batting: RHB Larry Glover 0-0: Ball
1-0: Foul Ball, location: 2F
1-1: SINGLE (Groundball, 4MD)
Batting: LHB Aaron Atkins 0-0: Called Strike
0-1: Ball
1-1: Ball
2-1: Foul Ball, location: 2F
2-2: Ball
3-2: Strikes out looking
Top of the 6th over - 0 run(s), 1 hit(s), 0 error(s), 1 left on base; North Carolina State 0 - Cincinnati 6
BOTTOM OF THE 6TH
Cincinnati Bearcats batting - Pitching for North Carolina State Wolfpack : RHP Brit Torres
Batting: RHB Larry O'Sheill 0-0: Ball
1-0: Called Strike
1-1: Ball
2-1: SINGLE (Line Drive, 56)
Batting: SHB Troy Abreu 0-0: Fly out, F8 (Flyball, 8LM)
Batting: RHB Peter Jones 0-0: Fly out, F4 (Line Drive, 4)
Batting: RHB Henry Haines 0-0: Swinging Strike
0-1: Called Strike
0-2: Ball
1-2: Foul Ball, location: 2F
1-2: Foul Ball, location: 2F
1-2: Ball
2-2: Ball
3-2: Foul Ball, location: 2F
3-2: Base on Balls
Larry O'Sheill to second
Batting: RHB Dave Richards 0-0: Ball
1-0: DOUBLE (Line Drive, 7LS)
Larry O'Sheill scores
Henry Haines to third
Batting: SHB Miguel Price 0-0: Ball
1-0: Ball
2-0: Foul Ball, location: 2F
2-1: Ball
3-1: Base on Balls
Batting: RHB Ed Fuhrman 0-0: Fielders Choice at 2nd, 5-4 (Groundball, 5)
Bottom of the 6th over - 1 run(s), 2 hit(s), 0 error(s), 2 left on base; North Carolina State 0 - Cincinnati 7
TOP OF THE 7TH
North Carolina State Wolfpack batting - Pitching for Cincinnati Bearcats : LHP Carlos Cortéz
Batting: LHB Shawn Joyce 0-0: Called Strike
0-1: Called Strike
0-2: Strikes out swinging
Batting: RHB Jorge García 0-0: Called Strike
0-1: Ball
1-1: Ball
2-1: Foul Ball, location: 2F
2-2: Ball
3-2: Strikes out swinging
Batting: LHB Broderick Dempsey 0-0: Ball
1-0: Ball
2-0: Foul Ball, location: 2F
2-1: Foul Ball, location: 2F
2-2: Strikes out looking
Top of the 7th over - 0 run(s), 0 hit(s), 0 error(s), 0 left on base; North Carolina State 0 - Cincinnati 7
BOTTOM OF THE 7TH
Cincinnati Bearcats batting - Pitching for North Carolina State Wolfpack : RHP Brit Torres
Batting: SHB Pete Potter 0-0: Ball
1-0: Ball
2-0: Ball
3-0: Called Strike
3-1: Foul Ball, location: 2F
3-2: Base on Balls
Pitching: LHP Brian Armstrong
Batting: RHB Dave Sawyer 0-0: Ball
Wild Pitch!
Pete Potter to second
1-0: Called Strike
1-1: Swinging Strike
1-2: Foul Ball, location: 2F
1-2: Ball
2-2: Foul Ball, location: 2F
2-2: Ball
3-2: Base on Balls
Batting: RHB Larry O'Sheill 0-0: Ball
1-0: Fielders Choice at 2nd, 5-4 (Groundball, 56)
Pete Potter to third
Batting: SHB Troy Abreu 0-0: Ball
1-0: Foul Ball, location: 2F
1-1: Ball
2-1: Ground out U3 (Groundball, 3S)
Pete Potter scores
Larry O'Sheill to second
Batting: RHB Peter Jones 0-0: Called Strike
0-1: Called Strike
0-2: Fly out, F9 (Flyball, 9LSF)
Bottom of the 7th over - 1 run(s), 0 hit(s), 0 error(s), 1 left on base; North Carolina State 0 - Cincinnati 8
TOP OF THE 8TH
North Carolina State Wolfpack batting - Pitching for Cincinnati Bearcats : LHP Carlos Cortéz
Batting: RHB Roberto Landavazo 0-0: Swinging Strike
0-1: Swinging Strike
0-2: Foul Ball, location: 2F
0-2: Ball
1-2: Strikes out swinging
Batting: LHB Corey MacGregor 0-0: Ball
1-0: Swinging Strike
1-1: Ball
2-1: SINGLE (Flyball, 7S)
Batting: RHB Kyle Watkins 0-0: Fly out, F9 (Flyball, 9LMF)
Batting: RHB Jonathon García 0-0: Called Strike
0-1: 2-RUN HOME RUN (Flyball, 7D), Distance : 346 ft
Batting: RHB Larry Glover 0-0: Foul Ball, location: 2F
0-1: Ball
1-1: DOUBLE (Line Drive, 9LM)
Batting: LHB Aaron Atkins 0-0: Called Strike
0-1: Foul Ball, location: 2F
0-2: Ball
1-2: Strikes out swinging
Top of the 8th over - 2 run(s), 3 hit(s), 0 error(s), 1 left on base; North Carolina State 2 - Cincinnati 8
BOTTOM OF THE 8TH
Cincinnati Bearcats batting - Pitching for North Carolina State Wolfpack : LHP Brian Armstrong
Batting: RHB Henry Haines 0-0: Ball
1-0: Foul Ball, location: 2F
1-1: Ball
2-1: Called Strike
2-2: Strikes out swinging
Batting: RHB Dave Richards 0-0: Swinging Strike
0-1: Foul Ball, location: 2F
0-2: Strikes out swinging
Batting: SHB Miguel Price 0-0: Foul Ball, location: 2F
0-1: Ball
1-1: Ball
2-1: Ball
3-1: Base on Balls
Batting: RHB Ed Fuhrman 0-0: Ball
Miguel Price steals 2nd base
1-0: Ball
2-0: Called Strike
2-1: Foul Ball, location: 2F
2-2: Foul Ball, location: 2F
2-2: Foul Ball, location: 2F
2-2: Foul Ball, location: 2F
2-2: Strikes out swinging
Bottom of the 8th over - 0 run(s), 0 hit(s), 0 error(s), 1 left on base; North Carolina State 2 - Cincinnati 8
TOP OF THE 9TH
North Carolina State Wolfpack batting - Pitching for Cincinnati Bearcats : LHP Carlos Cortéz
Pitching: RHP Gerald Fullwood
Batting: LHB Shawn Joyce 0-0: Foul Ball, location: 2F
0-1: Swinging Strike
0-2: Ball
1-2: Strikes out swinging, 2-3 out at first.
Batting: RHB Jorge García 0-0: Called Strike
0-1: Ball
1-1: Called Strike
1-2: Ball
2-2: Ground out 4-3 (Groundball, 4)
Batting: LHB Broderick Dempsey 0-0: Swinging Strike
0-1: Foul Ball, location: 2F
0-2: Ground out 3-1 (Groundball, 34)
Top of the 9th over - 0 run(s), 0 hit(s), 0 error(s), 0 left on base; North Carolina State 2 - Cincinnati 8
Thursday, March 30th, 2017 - OOTP Baseball 17.12 Build 75